 Dungeon Crawl Stone Soup version 0.30.0-5-g1a98f26d00 (webtiles) character file.

Game seed: 17819053853337377817

85703 Cheops the Wrestler (level 15, -10/132 HPs)
             Began as a Ghoul Monk on May 9, 2023.
             Was the Champion of Wu Jian.
             Killed from afar by a shock serpent (14 damage)
             ... with a bolt of electricity
             ... on level 2 of the Snake Pit on May 10, 2023.
             The game lasted 01:10:31 (18760 turns).

Cheops the Wrestler (Ghoul Monk)                   Turns: 18760, Time: 01:10:31

Health: -10/132    AC: 26    Str: 27    XL:     15   Next: 84%
Magic:  14/14      EV: 13    Int:  7    God:    Wu Jian [******]
Gold:   1184       SH:  5    Dex: 11    Spells: 14/14 levels left

rFire   + .          .
                       - Unarmed
rCold   + . .        c - orb {light}
rNeg    + + +        m - +5 plate armour {rF+}
rPois   ∞            z - +1 hat
rElec   .            J - +4 cloak of the Lost Path {rPois Will+}
rCorr   .            (no gloves)
SInv    .            F - +0 pair of boots
Will    ++...        N - amulet of reflection Stlth
                     i - +6 ring of strength
HPRegen 0.00/turn    p - +5 ring of evasion
MPRegen 0.14/turn

%: reflection
@: inhibited regen, glowing, studying Ice Magic
A: claws 1, cold resistance 1, negative energy resistance 3, inhibited
regeneration, torment resistance 2, devour on kill
a: Renounce Religion, Wall Jump, Serpent's Lash, Heavenly Storm


You were on level 2 of the Snake Pit.
You worshipped Wu Jian.
Wu Jian was exalted by your worship.
You visited 3 branches of the dungeon, and saw 22 of its levels.
You also visited: Sewer.

You collected 2063 gold pieces.
You spent 879 gold pieces at shops.

Inventory:

Armour
 c - an orb of light (worn)
 g - a scarf of harm
 m - a +5 plate armour of fire resistance (worn)
 v - the +5 ring mail of Mifu {rElec Slay+3 SInv Stlth-}
   (You found it on level 3 of the Lair of Beasts)

   Slay:      It affects your accuracy & damage with ranged weapons and melee
   (+3).
   rElec:     It insulates you from electricity.
   SInv:      It lets you see invisible.
   Stlth:     It makes you less stealthy.
 z - a +1 hat (worn)
 E - the +4 skin of Zhor {*Englaciate rC+++ SInv}
   (You found it on level 10 of the Dungeon)

   *Englaciate: It radiates cold, occasionally slowing all nearby creatures who
   are not resistant to cold.
   rC:        It renders you almost immune to cold.
   SInv:      It lets you see invisible.
 F - a +0 pair of boots (worn)
 J - the +4 cloak of the Lost Path (worn) {rPois Will+}
   (You acquired it on level 1 of the Lair of Beasts)

   rPois:     It protects you from poison.
   Will:      It increases your willpower.
 M - the +0 pair of gloves of Untruth {rF+}
   (You found it on level 11 of the Dungeon)

   rF:        It protects you from fire.
Jewellery
 d - an amulet of regeneration
 i - a +6 ring of strength (left claw)
 p - a +5 ring of evasion (right claw)
 q - a ring of flight
 B - a +4 ring of slaying
 N - an amulet of reflection (around neck)
 S - a ring of protection from cold
Wands
 a - a wand of iceblast (14)
 w - a wand of flame (29)
 I - a wand of paralysis (11)
 K - a wand of quicksilver (11)
 O - a wand of polymorph (14)
 R - a wand of mindburst (8)
Scrolls
 e - 5 scrolls of poison
 h - 11 scrolls of teleportation
 j - 5 scrolls of butterflies
 r - 6 scrolls of fog
 u - 2 scrolls of silence
 y - 2 scrolls of magic mapping
 C - 5 scrolls of fear
 G - 3 scrolls of vulnerability
 H - 2 scrolls of immolation
Potions
 b - 2 potions of ambrosia
 f - 22 potions of curing
 k - 3 potions of haste
 n - 3 potions of cancellation {unknown}
 o - 6 potions of flight
 s - 7 potions of heal wounds {unknown}
 t - 9 potions of attraction
 x - 2 potions of resistance
 A - 4 potions of might
 Q - 2 potions of invisibility
 T - 2 potions of magic
Miscellaneous
 l - a phial of floods
 D - a box of beasts
 L - a lightning rod (4/4)


   Skills:
 - Level 12.1 Fighting
 - Level 7.5 Armour
 - Level 3.0 Dodging
 * Level 24.6 Unarmed Combat
 + Level 6.1 Evocations


You had 14 spell levels left.
You didn't know any spells.
Your spell library contained the following spells:

 Spells                   Type           Power      Damage    Failure   Level
 Magic Dart               Conj           0%         1d3       99%         1
 Shock                    Conj/Air       0%         1d3       99%         1
 Call Imp                 Summ           0%         N/A       100%        2
 Lesser Beckoning         Tloc           0%         N/A       100%        2
 Gell's Gravitas          Tloc           0%         N/A       100%        3
 Mephitic Cloud           Conj/Pois/Air  0%         N/A       100%        3
 Ozocubu's Armour         Ice            0%         N/A       100%        3
 Portal Projectile        Hex/Tloc       0%         N/A       100%        3
 Swiftness                Air            0%         N/A       100%        3
 Teleport Other           Tloc           0%         N/A       100%        3
 Tukima's Dance           Hex            0%         N/A       100%        3
 Vhi's Electric Charge    Tloc/Air       0%         N/A       100%        3
 Airstrike                Air            0%         2d(0-16)  100%        4
 Anguish                  Hex/Necr       0%         N/A       100%        4
 Animate Armour           Summ/Erth      0%         N/A       100%        4
 Animate Dead             Necr           0%         N/A       100%        4
 Cause Fear               Hex            0%         N/A       100%        4
 Olgreb's Toxic Radiance  Pois           0%         N/A       100%        4
 Passage of Golubria      Tloc           0%         N/A       100%        4
 Petrify                  Tmut/Erth      0%         N/A       100%        4
 Arcjolt                  Conj/Air       0%         1d10      100%        5
 Fireball                 Conj/Fire      0%         3d3       100%        5
 Irradiate                Conj/Tmut      0%         3d11      100%        5
 Iskenderun's Battlesphe  Conj           0%         2d6       100%        5
 Metabolic Englaciation   Hex/Ice        0%         N/A       100%        5
 Silence                  Hex/Air        0%         N/A       100%        5
 Conjure Ball Lightning   Conj/Air       0%         3x3d6     100%        6
 Iron Shot                Conj/Erth      0%         9d1       100%        6
 Plasma Beam              Fire/Air       0%         2x1d11    100%        6
 Simulacrum               Ice/Necr       0%         N/A       100%        6
 Enfeeble                 Hex            0%         N/A       100%        7
 Haunt                    Necr/Summ      0%         N/A       100%        7
 Orb of Destruction       Conj           0%         9d5       100%        7
 Ozocubu's Refrigeration  Ice            0%         4d7       100%        7
 Discord                  Hex            0%         N/A       100%        8
 Ignition                 Fire           0%         3d3       100%        8
 Infestation              Necr           0%         N/A       100%        8
 Lehudib's Crystal Spear  Conj/Erth      0%         10d2      100%        8
 Chain Lightning          Conj/Air       0%         N/A       100%        9
 Fire Storm               Conj/Fire      0%         5d1       100%        9
 Polar Vortex             Ice            0%         N/A       100%        9
 Shatter                  Erth           0%         3d5*      100%        9
 Sublimation of Blood     Necr           Unusable   N/A       N/A         2
 Blade Hands              Tmut           Unusable   N/A       N/A         5

Dungeon Overview and Level Annotations

Branches:
Dungeon (15/15)            Temple (0/1) D:5            Lair (5/5) D:10
 Shoals (0/4) Lair:2        Snake (2/4) Lair:2        Slime (0/5) Lair:5
    Orc (0/2) D:9          Vaults (0/5) D:13          Sewer (visited)
 Depths: D:15

Altars:
Dithmenos
Gozag
Hepliaklqana
Kikubaaqudgha
Nemelex Xobeh
Qazlal
Ru
Trog
Uskayaw
Vehumet
Wu Jian
Jiyva

Shops:
D:4 [[?(   D:5 ?   D:13 :   D:14 [   Snake:1 (

Portals:
Trove: D:13 (give 8 scrolls of fear)

Annotations:
D:12 exclusion: boulder beetle
D:13 1 runed translucent door
Lair:3 2 runed translucent doors, browni3141's ghost, journeyman OgDe


Innate Abilities, Weirdness & Mutations

You are immune to poison.
You have sharp fingernails.
Your flesh is cold resistant. (rC+)
You are immune to negative energy. (rN+++)
You do not regenerate when monsters are visible.
You are immune to unholy pain and torment.
You thrive by killing the living.


Message History

You spin and attack the shock serpent repeatedly.
You scratch the shock serpent but do no damage.
The shock serpent is lightly wounded.
You mangle the shock serpent!!
The shock serpent is severely wounded.
You spin and attack the black mamba.
You scratch the black mamba.
The black mamba is lightly wounded.
The shock serpent's electric aura discharges, shocking you!
* * * LOW HITPOINT WARNING * * *
The shock serpent shoots out a bolt of lightning at you!
The bolt of electricity hits you.
* * * LOW HITPOINT WARNING * * *
The black mamba bites you but does no damage.
The shock serpent bites you.
* * * LOW HITPOINT WARNING * * *
The shock serpent shocks you!
* * * LOW HITPOINT WARNING * * *
Okay, then.
Blink to where?
Press: ? - help, Dir - move target
As you read the scroll of blinking, it crumbles to dust.
As you read the scroll of butterflies, it crumbles to dust.
You hear the flapping of tiny wings.
The black mamba completely misses your butterfly.
The shock serpent shoots out a bolt of lightning at you!
The bolt of electricity hits your butterfly!!
Your butterfly dies!
Your butterfly disappears in a burst of colours!
The bolt of electricity hits your butterfly!
Your butterfly dies!
Your butterfly disappears in a burst of colours!
The bolt of electricity hits your butterfly!!
Your butterfly dies!
Your butterfly disappears in a burst of colours!
The bolt of electricity misses your butterfly.
The bolt of electricity hits your butterfly!!
Your butterfly dies!
Your butterfly disappears in a burst of colours!
The bolt of electricity hits you!
You die...

############
#.b.bbb@.b.############
#....bbbbb..SS.<.......
#..b.bbbbbbb..S.S......
#.b.###..bb.b..........
... ######b..........
.. ##.......... .
#..........
#####..........
##.###..........


You could see a sea snake (ally target), a shock serpent (ally target) and a
black mamba (ally target).

Vanquished Creatures
  Kirke (Snake:1)
  A nagaraja (Snake:2)
  A minotaur (Lair:1)
  The ghost of hogiebunz the Impaler, a journeyman MiFi of Ashenzari (Lair:1)
  Fannar (D:11)
  An ogre mage (D:13)
  4 hydras
  4 catoblepae
  2 centaur warriors
  3 anacondas (Snake:1)
  7 two-headed ogres
  12 death yaks
  3 naga warriors
  A tengu warrior (D:14)
  A shock serpent (Snake:1)
  4 naga sharpshooters
  2 skysharks
  5 skeletal warriors (D:14)
  The ghost of qeuew the Nimble, a novice SpHu of Dithmenos (D:7)
  The ghost of retardedninja the Magician, a novice GnFE of Cheibriados (D:8)
  A sea snake (Snake:1)
  3 naga ritualists
  2 deep elf pyromancers
  4 mana vipers (Snake:1)
  A cyclops (D:13)
  4 manticores
  13 elephants
  5 naga magi
  A moth of wrath (D:8)
  14 black mambas
  A water nymph (Lair:2)
  Maurice (D:11)
  A gargoyle (D:11)
  2 guardian serpents (Snake:1)
  8 cane toads
  4 rime drakes
  Psyche (D:11)
  4 unseen horrors
  A kobold demonologist (D:11)
  10 komodo dragons
  2 freezing wraiths (D:14)
  7 trolls
  A polar bear (Lair:5)
  A queen bee (shapeshifter) (D:13)
  A hornet (D:10)
  16 blink frogs
  9 slime creatures
  Sigmund (D:6)
  A shadow (D:9)
  42 yaks
  5 wraiths
  A vampire (D:9)
  4 basilisks
  7 wyverns
  A steam dragon (D:8)
  5 hogs (Snake:1)
  6 vampire mosquitoes
  11 nagas
  13 water moccasins
  An ice beast (D:5)
  5 orc warriors
  A sky beast (D:8)
  An ogre (D:4)
  7 black bears
  5 centaurs
  4 boggarts (D:14)
  10 wolves
  A phantom (D:4)
  4 kobold brigands
  A gnoll sergeant (D:10)
  15 bullfrogs
  3 scorpions
  16 wights
  2 killer bees (D:8)
  16 jellies
  7 orc priests
  4 gnoll boudas
  2 hounds
  2 iguanas
  6 orc wizards
  32 gnolls
  10 adders
  A river rat (Sewer)
  3 white imps (D:8)
  An ufetubus (D:6)
  2 worms
  3 dart slugs
  60 orcs
  8 ball pythons
  7 endoplasms
  4 giant cockroaches
  8 goblins
  7 hobgoblins
  2 jackals (Sewer)
  4 quokkas
  5 bats
  13 kobolds
  4 rats
558 creatures vanquished.

Vanquished Creatures (others)
  A human (Snake:1)
1 creature vanquished.

Grand Total: 559 creatures vanquished

Notes
Turn   | Place    | Note
-------+----------+-------------------------------------------
     0 | D:1      | Cheops the Ghoul Monk began the quest for the Orb.
     0 | D:1      | Reached XP level 1. HP: 19/19 MP: 0/0
   161 | D:1      | Reached XP level 2. HP: 22/26 MP: 1/1
   712 | D:1      | Reached skill level 4 in Unarmed Combat
   712 | D:1      | Reached XP level 3. HP: 31/31 MP: 2/2
   904 | D:1      | Found a faded altar of an unknown god.
  1484 | D:2      | Reached XP level 4. HP: 38/39 MP: 3/3
  1493 | D:2      | Reached skill level 5 in Unarmed Combat
  1652 | D:2      | Found an ancient bone altar of Kikubaaqudgha.
  2013 | D:3      | Found a glowing drain.
  2028 | Sewer    | Entered a sewer
  2034 | Sewer    | Reached XP level 5. HP: 45/45 MP: 4/4
  2070 | Sewer    | Noticed a kobold brigand
  2080 | Sewer    | Killed a kobold brigand
  2081 | Sewer    | Reached skill level 6 in Unarmed Combat
  2363 | D:3      | Found a sacrificial altar of Ru.
  2677 | D:4      | Found an opulent altar of Gozag.
  2703 | D:4      | Reached XP level 6. HP: 19/51 MP: 5/5
  2782 | D:4      | Reached skill level 7 in Unarmed Combat
  2794 | D:4      | Found a stormy altar of Qazlal.
  2913 | D:4      | Found Ukleg's Armour Shoppe.
  2914 | D:4      | Found Xilyrien's Antique Weapon Shoppe.
  2919 | D:4      | Found Fuger's Antique Armour Shoppe.
  2919 | D:4      | Found Mikli's Magic Scroll Shoppe.
  2924 | D:4      | Reached skill level 8 in Unarmed Combat
  2954 | D:4      | Reached XP level 7. HP: 57/57 MP: 6/6
  3012 | D:4      | Reached skill level 1 in Armour
  3016 | D:4      | Found an ornate altar of the Wu Jian Council.
  3031 | D:4      | Became a worshipper of the Wu Jian Council
  3031 | D:4      | Reached * piety under Wu Jian
  3031 | D:4      | Reached ** piety under Wu Jian
  3196 | D:5      | Entered Level 5 of the Dungeon
  3279 | D:5      | Found Nakuej's Magic Scroll Shop.
  3285 | D:5      | Reached skill level 9 in Unarmed Combat
  3296 | D:5      | Bought a scroll of identify for 24 gold pieces
  3347 | D:5      | Reached XP level 8. HP: 64/64 MP: 7/7
  3556 | D:5      | Found a staircase to the Ecumenical Temple.
  3651 | D:6      | Noticed Sigmund
  3659 | D:6      | Killed Sigmund
  3660 | D:6      | Reached skill level 10 in Unarmed Combat
  3790 | D:6      | Found a hide-covered altar of Uskayaw.
  4142 | D:6      | Found a hazy altar of Hepliaklqana.
  4274 | D:6      | Found a radiant altar of Vehumet.
  4300 | D:6      | Reached *** piety under Wu Jian
  4726 | D:7      | Reached skill level 11 in Unarmed Combat
  4737 | D:7      | Reached XP level 9. HP: 53/70 MP: 8/8
  4913 | D:7      | Found a runed translucent door.
  5009 | D:7      | Noticed qeuew's ghost (novice SpHu)
  5256 | D:7      | Found a sparkling altar of Nemelex Xobeh.
  5450 | D:8      | Found a transporter.
  5450 | D:8      | Found a transporter.
  5453 | D:8      | Found a bloodstained altar of Trog.
  5453 | D:8      | Noticed a moth of wrath
  5466 | D:8      | Noticed retardedninja's ghost (novice GnFE)
  5541 | D:8      | Reached skill level 5 in Armour
  5620 | D:8      | Reached skill level 12 in Unarmed Combat
  5704 | D:8      | Noticed a two-headed ogre
  5721 | D:8      | Killed a two-headed ogre
  5722 | D:8      | Reached skill level 13 in Unarmed Combat
  5803 | D:8      | Reached XP level 10. HP: 77/77 MP: 9/9
  6034 | D:8      | Noticed a two-headed ogre
  6035 | D:8      | Reached **** piety under Wu Jian
  6038 | D:8      | Killed a two-headed ogre
  6039 | D:8      | Reached skill level 14 in Unarmed Combat
  6498 | D:9      | Found a staircase to the Orcish Mines.
  6752 | D:10     | Entered Level 10 of the Dungeon
  6832 | D:10     | Reached skill level 1 in Evocations
  6833 | D:10     | Reached ***** piety under Wu Jian
  6844 | D:10     | Reached skill level 15 in Unarmed Combat
  6862 | D:10     | Reached XP level 11. HP: 82/82 MP: 10/10
  6882 | D:10     | Found a staircase to the Lair.
  7011 | D:10     | Noticed a two-headed ogre
  7024 | D:10     | Killed a two-headed ogre
  7154 | D:10     | Noticed a two-headed ogre
  7161 | D:10     | Killed a two-headed ogre
  7203 | D:10     | Found a shadowy altar of Dithmenos.
  7209 | D:10     | Reached skill level 16 in Unarmed Combat
  7479 | D:10     | Found the +4 skin of Zhor {*Englaciate rC+++ SInv}
  7928 | D:7      | Killed qeuew's ghost
  8025 | D:8      | Killed a moth of wrath
  8026 | D:8      | Reached skill level 17 in Unarmed Combat
  8035 | D:8      | Killed retardedninja's ghost
  8146 | D:11     | Noticed Maurice
  8157 | D:11     | Killed Maurice
  8187 | D:11     | Reached XP level 12. HP: 90/90 MP: 11/11
  8230 | D:11     | Noticed Psyche
  8238 | D:11     | Killed Psyche
  8239 | D:11     | Reached skill level 18 in Unarmed Combat
  8241 | D:11     | Noticed Fannar
  8249 | D:11     | Killed Fannar
  8373 | D:11     | Identified the +0 pair of gloves of Untruth {rF+}
  8378 | D:11     | Noticed a two-headed ogre
  8385 | D:11     | Killed a two-headed ogre
  9255 | D:12     | Noticed a boulder beetle
  9492 | D:12     | Found a bloodstained altar of Trog.
  9999 | D:13     | Noticed a centaur warrior
 10029 | D:13     | Noticed a two-headed ogre
 10048 | D:13     | Killed a two-headed ogre
 10049 | D:13     | Reached skill level 19 in Unarmed Combat
 10049 | D:13     | Noticed a six-headed hydra
 10150 | D:13     | Reached skill level 5 in Fighting
 10180 | D:13     | Noticed a two-headed ogre
 10180 | D:13     | Noticed a two-headed ogre
 10195 | D:13     | Killed a two-headed ogre
 10210 | D:13     | Noticed an ogre mage
 10222 | D:13     | Paralysed by an ogre mage for 3 turns
 10225 | D:13     | Killed an ogre mage
 10241 | D:13     | Found a gate to the Vaults.
 10384 | D:13     | Killed a centaur warrior
 10422 | D:13     | Killed a six-headed hydra
 10427 | D:13     | Reached XP level 13. HP: 79/103 MP: 12/12
 10595 | D:13     | You fall into a shaft and drop 2 floors!
 10595 | D:15     | Entered Level 15 of the Dungeon
 10663 | D:15     | Reached skill level 20 in Unarmed Combat
 10681 | D:14     | Found Budioceu's Armour Emporium.
 11421 | D:13     | Found a portal to a secret trove of treasure.
 11449 | D:13     | Found Ynteupn's Book Emporium.
 11471 | D:13     | Found a runed translucent door.
 11471 | D:13     | Noticed an ettin
 11471 | D:13     | Noticed a tengu reaver
 11651 | Lair:1   | Entered Level 1 of the Lair of Beasts
 11685 | D:10     | Reached ****** piety under Wu Jian
 11856 | D:14     | Bought a +3 plate armour of fire resistance for 855 gold
                  | pieces
 12023 | D:10     | Reached skill level 21 in Unarmed Combat
 12196 | Lair:1   | Found a runed translucent gate.
 12197 | Lair:1   | Found a runed translucent gate.
 12276 | Lair:1   | Noticed a minotaur
 12278 | Lair:1   | Noticed hogiebunz's ghost (journeyman MiFi)
 12411 | Lair:1   | Found a runed translucent gate.
 12685 | Lair:1   | Identified a scroll of acquirement
 12710 | Lair:1   | Killed hogiebunz's ghost
 12725 | Lair:1   | Killed a minotaur
 12829 | Lair:2   | Reached XP level 14. HP: 118/118 MP: 13/13
 13019 | Lair:2   | Found a staircase to the Snake Pit.
 13675 | Lair:3   | Identified the +5 ring mail of Mifu {rElec Slay+3 SInv
                  | Stlth-}
 13838 | Lair:3   | Reached skill level 10 in Fighting
 13838 | Lair:3   | Reached skill level 22 in Unarmed Combat
 13961 | Lair:3   | Found a large runed translucent door.
 13961 | Lair:3   | Found a large runed translucent door.
 14052 | Lair:3   | Noticed browni3141's ghost (journeyman OgDe)
 14940 | Lair:4   | You fall into a shaft and drop 1 floor!
 14940 | Lair:5   | Entered Level 5 of the Lair of Beasts
 14942 | Lair:5   | Found a staircase to the Slime Pits.
 14942 | Lair:5   | Found a viscous altar of Jiyva.
 16062 | Lair:5   | Reached skill level 23 in Unarmed Combat
 16499 | Lair:5   | Reached XP level 15. HP: 113/132 MP: 14/14
 17464 | Lair:5   | Acquired the +4 cloak of the Lost Path {rPois Will+}
 17613 | Snake:1  | Entered Level 1 of the Snake Pit
 17774 | Snake:1  | Reached skill level 24 in Unarmed Combat
 17847 | Snake:1  | Found Jeips's Antique Weapon Shop.
 17906 | Snake:1  | Noticed Kirke
 17912 | Snake:1  | Reached skill level 5 in Evocations
 17922 | Snake:1  | Killed Kirke
 18513 | Snake:2  | Noticed a nagaraja
 18535 | Snake:2  | Killed a nagaraja
 18758 | Snake:2  | HP: 4/132 [shock serpent (12)]
 18760 | Snake:2  | Killed from afar by a shock serpent

Illustrated notes

Levels and vault maps discovered:
D:1:      dpeg_arrival_radiant, layout_basic,
          hellmonk_ecumenical_altar_prayer_group
D:2:      layout_loops_ring, basic_altar, serial_park_tiny_pond
D:3:      layout_rooms, mainiacjoe_overflow_small_starburst,
          portal_sewer_entry_d
D:4:      layout_cave_pools, mainiacjoe_overflow_alcove_1,
          mainiacjoe_overflow_catch_the_wave, minmay_misc_feat_chi,
          minmay_shop_grid_forest, feat_on_display
D:5:      layout_cave_pools, minmay_temple_entry_junction, serial_shops, shop,
          nrook_campfire
D:6:      layout_loops_ring, nzn_hepliaklqana_mist_gate, vehumet_altar_wand_db,
          eat_drink_and_be_merry_uskayaw, uniq_sigmund
D:7:      layout_basic, kennysheep_little_box, ebering_ghost_reflecting_pool
D:8:      minmay_polygon_palace, layout_loops_ring,
          gammafunk_ghost_wrathful_warriors
D:9:      layout_cave_pools, hiddenorc1_lemuel, special_room [special_room_orc]
D:10:     layout_loops_cross, nicolae_dithmenos_shadow_blocks,
          due_lair_maze_entry_diamond, minmay_misc_feat_iff,
          hellmonk_guarded_unrand_zhor
D:11:     layout_loops_ring, uniq_psyche, uniq_fannar, uniq_maurice
D:12:     layout_gridville, trog_three_pillars_becter
D:13:     layout_irregular_city, david_vaults_2, nicolae_trove_entry_columns,
          serial_column_ruins, column_ruins_grid_3,
          column_ruins_columns_dead_end, column_ruins_open_tiny,
          column_ruins_open_tiny, serial_shops, shop, kennysheep_treasure_room
D:14:     minmay_dotted_concentric_squares, layout_basic,
          minmay_misc_feat_four_crosses, serial_shops, nicolae_take_the_stairs
D:15:     hangedman_depths_entry_civil_slaughter, layout_gridville,
          dk_noncrumbling_4, serial_shops, shop, gammafunk_ghost_ooze
Lair:1:   layout_hall_layers, maelrawn_ghost_gauntlet_escape,
          chequers_serial_rivers_room_a, lemuel_fruit_fields
Lair:2:   layout_regular_city, nicolae_shoals_entry_flooding,
          minmay_snake_entry_guardpost_small
Lair:3:   layout_cave_pods, ebering_ghost_disaster_area
Lair:4:   layout_regular_city, grunt_megastairs_5
Lair:5:   evilmike_catoblepas_cave, layout_layer_cave,
          minmay_slime_entry_jelly_boxes, infiniplex_staircase_pool_2
Snake:1:  nicolae_snake_attic_fulla_snakes, layout_rooms,
          nrook_guardian_serpent_ordinary, minmay_shop_star, uniq_kirke
Snake:2:  layout_onion

Skill      XL: |  1  2  3  4  5  6  7  8  9 10 11 12 13 14 15 |
---------------+----------------------------------------------+-----
Dodging        | 3 |  3.0
Unarmed Combat | 4 5 6 8 9 11 13 15 17 19 21 23 24 | 24.6
Armour         | 2 4 6 7 |  7.5
Evocations     | 2 4 6 |  6.1
Fighting       | 6 9 11 12 | 12.1

Action                     |  1- 3 |  4- 6 |  7- 9 | 10-12 | 13-15 || total
---------------------------+-------+-------+-------+-------+-------++-------
  Melee: Unarmed           |    76 |    95 |   181 |   335 |   747 ||  1434
 Invoke: Serpent's Lash    |       |       |       |     1 |       ||     1
Ability: Lunge             |       |       |    23 |    57 |    76 ||   156
         Whirlwind         |       |       |     5 |    41 |    43 ||    89
  Evoke: Wand              |       |       |     4 |     7 |     6 ||    17
    Use: Scroll            |       |     9 |     4 |     3 |    14 ||    30
 Armour: Robe              |     7 |       |       |       |       ||     7
         Plate armour      |    10 |    33 |    72 |   123 |   213 ||   451
  Dodge: Dodged            |    29 |    22 |    76 |    82 |   238 ||   447
  Block: Orb               |       |       |       |       |    68 ||    68
         Reflection        |       |       |       |       |     5 ||     5
